Map: Arctic Dream LE

Players

qqq - Winner!

  • Race: Zerg Zerg

Massa - Winner!

  • Race: Terran Terran
  • League: Platinum

MKz

  • Race: Zerg Zerg
  • League: Master

OnLyKinG

  • Race: Zerg Zerg
  • League: Bronze

VOD

Have the link to the VOD?

Description

Time

  • Played on: April 18, 2021, 1:07 p.m.
  • Length: 13:47
Show
View Real Time Build Order
Export as new Build Order

qqq Zerg - Winner!

Build Orders: Hatch First, Lurkers 

Get SALT Encoding   

  12  0:02  Drone  
  13  0:13  Drone  
  14  0:18  Overlord  
  14  0:45  Hatchery  
  13  0:50  Drone  
  14  0:58  Drone x2  
  16  1:15  Spawning Pool  
  16  1:17  Drone  
  16  1:22  Drone  
  16  1:23  Extractor  
  16  1:27  Drone  
  17  1:33  Drone  
  18  1:45  Drone  
  19  2:05  Zergling x2  
  19  2:06  Zergling x4  
  19  2:07  Queen  
  19  2:08  Queen  
  24  2:14  Drone  
  27  2:29  Zergling x2  
  28  2:30  Zergling x2  
  28  2:31  Overlord  
  28  2:33  Overlord  
  28  2:50  Drone  
  28  2:51  Drone  
  30  2:53  Metabolic Boost  
  30  2:55  Zergling x4  
  32  3:00  Zergling x2  
  32  3:03  Zergling x2  
  34  3:19  Zergling x6  
  38  3:20  Zergling x8  
  38  3:26  Zergling x2  
  42  3:27  Drone  
  42  3:29  Drone  
  44  3:40  Overlord x2  
  44  3:59  Drone x3  
  44  4:01  Drone  
  48  4:04  Lair  
  48  4:05  Drone x2  
  48  4:07  Drone  
  51  4:15  Evolution Chamber  
  51  4:24  Drone x4  
  51  4:25  Drone  
  54  4:45  Zergling x6  
  55  4:46  Drone x3  
  57  5:07  Drone x2  
  59  5:08  Overlord  
  59  5:11  Extractor  
  59  5:13  Hatchery, Hydralisk Den  
  49  5:15  Extractor  
  49  5:17  Extractor  
  43  5:22  Zergling x2  
  43  5:23  Drone x3, Zergling x4  
  49  5:32  Hatchery  
  49  5:33  Drone  
  49  5:45  Drone x2  
  49  5:46  Drone, Zergling x10  
  57  5:51  Zergling x4  
  59  5:59  Lurker Den  
  58  6:09  Hydralisk x2  
  58  6:11  Hydralisk  
  62  6:14  Drone x3, Overlord  
  62  6:15  Overlord  
  67  6:19  Overlord  
  67  6:24  Drone  
  68  6:31  Drone  
  68  6:32  Drone  
  70  6:35  Drone  
  71  6:46  Zergling x4  
  71  6:47  Zergling x14  
  78  7:01  Hydralisk x4  
  78  7:02  Hydralisk  
  78  7:04  Drone  
  78  7:06  Zerg Missile Weapons Level 1  
  88  7:10  Lurker x2  
  88  7:14  Drone x3, Extractor x2  
  88  7:15  Drone  
  92  7:28  Drone x3  
  92  7:29  Drone x2  
  97  7:30  Lurker  
  97  7:32  Lurker  
  99  7:37  Spore Crawler  
  99  7:38  Spine Crawler  
  99  7:41  Zergling x2  
  99  7:42  Drone, Zergling x4, Infestation Pit  
  99  7:43  Drone  
  101  7:50  Lurker  
  98  8:14  Overlord x2  
  98  8:15  Overlord x8  
  95  8:32  Queen  
  95  8:33  Hydralisk x3  
  103  8:36  Lurker x3  
  103  8:53  Hydralisk x5  
  103  8:54  Zergling x4  
  103  8:55  Zergling x6  
  108  9:03  Zergling x4  
  108  9:09  Hydralisk x2  
  109  9:10  Hydralisk x2  
  109  9:16  Hive  
  117  9:19  Zerg Ground Armor Level 1  
  117  9:23  Queen  
  113  9:49  Hydralisk  
  113  9:50  Hydralisk x8  
  101  10:04  Hydralisk x5  
  104  10:11  Drone x4  
  104  10:12  Drone  
  106  10:20  Lurker  
  106  10:21  Lurker x2  
  107  10:23  Drone x2, Zergling x4  
  107  10:24  Zergling x2  
  112  10:33  Zergling x12  
  104  10:41  Hydralisk x3  
  104  10:42  Hydralisk  
  110  10:44  Zergling x4  
  110  10:49  Zergling x4  
  107  10:55  Hydralisk x3  
  102  10:57  Zergling x2  
  102  11:03  Lurker x5  
  108  11:05  Drone x2  
  108  11:10  Drone  
  108  11:11  Drone x3  
  114  11:12  Drone  
  115  11:20  Muscular Augments  
  115  11:26  Zerg Missile Weapons Level 2  
  115  11:29  Evolution Chamber  
  114  11:33  Extractor  
  114  11:34  Extractor  
  114  11:35  Spine Crawler x2  
  114  11:37  Drone x5  
  115  11:43  Zergling x8  
  115  11:45  Zergling x2  
  121  11:47  Lurker x2  
  121  11:51  Seismic Spines  
  121  12:04  Zergling x12  
  121  12:05  Zergling x4  
  126  12:16  Hydralisk x4, Zergling x4  
  126  12:17  Zergling x4  
  126  12:18  Drone  
  126  12:19  Drone  
  140  12:32  Spine Crawler, Grooved Spines  
  140  12:34  Hatchery, Spine Crawler  
  137  12:38  Spine Crawler  
  137  12:44  Lurker x5  
  138  12:45  Lurker  
  138  12:48  Adaptive Talons  
  142  12:52  Drone x4  
  142  12:56  Hydralisk x3  
  142  12:57  Zergling x2  
  152  13:19  Hydralisk x3  
  152  13:20  Hydralisk  
  152  13:21  Zergling x10  
Show
View Real Time Build Order
Export as new Build Order

Massa Terran - Winner!

Build Orders: 2 Factory, Hellion Opening 

Get SALT Encoding   

  12  0:00  SCV  
  13  0:12  SCV  
  14  0:17  Supply Depot  
  14  0:25  SCV  
  15  0:39  SCV  
  15  0:41  Barracks  
  16  0:45  Refinery  
  16  0:51  SCV  
  17  1:03  SCV  
  18  1:08  Barracks  
  18  1:15  SCV  
  19  1:28  Refinery, SCV  
  19  1:30  Marine  
  21  1:34  Supply Depot  
  21  1:44  Orbital Command  
  21  1:54  Factory  
  21  1:57  Marine  
  22  2:01  Marine  
  23  2:20  Factory  
  23  2:23  SCV  
  23  2:29  Marine  
  25  2:31  Barracks Tech Lab  
  25  2:39  Hellion  
  27  2:47  Supply Depot  
  27  2:57  Barracks Reactor  
  29  3:05  Hellion  
  29  3:08  Hellion  
  29  3:12  Barracks Tech Lab  
  31  3:14  Infernal Pre-Igniter  
  33  3:29  Hellion  
  33  3:40  Stimpack  
  33  3:41  Hellion x2  
  37  3:50  Hellion, Command Center  
  39  4:09  Supply Depot  
  39  4:25  Barracks Reactor  
  39  4:26  SCV, Hellion x3  
  46  4:48  Hellion x2  
  50  5:02  Hellion  
  52  5:09  Hellion  
  50  5:23  Orbital Command  
  50  5:24  SCV  
  50  5:27  Combat Shield  
  53  5:28  Marauder  
  53  5:29  Marine x2  
  53  5:33  Starport  
  55  5:36  SCV, Siege Tank  
  59  5:46  Marine  
  59  5:48  SCV  
  61  5:52  Widow Mine x2, Marine  
  61  5:53  Marauder  
  62  6:04  Marine  
  62  6:09  Widow Mine  
  65  6:12  Marine  
  65  6:14  Widow Mine, Marauder  
  70  6:23  Supply Depot  
  70  6:30  Supply Depot  
  70  6:44  Marine x2  
  70  6:45  Widow Mine, SCV x2  
  70  6:57  SCV  
  61  7:08  Marauder, Marine x2  
  63  7:19  Barracks  
  63  7:20  Starport Reactor, Siege Tank  
  66  7:22  Barracks  
  66  7:23  Command Center  
  66  7:26  Marine  
  66  7:29  Marauder  
  70  7:30  SCV x2  
  71  7:37  Engineering Bay  
  71  7:42  SCV x2  
  73  7:44  Armory  
  73  7:54  SCV x2  
  73  8:06  SCV  
  71  8:32  Marauder  
  71  8:33  Barracks Reactor x2, Marine x2  
  75  8:35  Widow Mine, Siege Tank  
  75  8:36  Widow Mine  
  78  8:51  Marine x2  
  78  8:54  Marauder  
  71  8:57  Widow Mine  
  69  9:07  Siege Tank  
  69  9:09  Marine x2  
  69  9:15  Marauder  
  71  9:18  Medivac  
  71  9:21  Refinery  
  71  9:22  Refinery, Orbital Command  
  71  9:24  SCV x2  
  75  9:27  Marine x2  
  77  9:36  SCV x2  
  77  9:37  Marauder  
  68  9:44  Marine x2  
  68  9:45  Marine x4  
  69  9:57  Marine  
  70  10:02  Marine x2, Medivac x2  
  72  10:08  Widow Mine x2  
  72  10:09  Marine x4  
  72  10:10  SCV  
  72  10:11  SCV x2  
  83  10:15  Marine  
  83  10:16  Refinery  
  83  10:18  Refinery  
  83  10:20  Marine x2  
  86  10:23  SCV x3, Terran Infantry Weapons Level 1  
  86  10:27  Marine x3  
  92  10:29  Engineering Bay  
  76  10:49  Marauder, Marine x6  
  79  11:06  Marine  
  79  11:08  Marine x5  
  79  11:09  SCV x3  
  79  11:10  Marine  
  89  11:15  Medivac x2  
  89  11:16  Widow Mine  
  89  11:17  Widow Mine, Siege Tank  
  100  11:21  Terran Infantry Armor Level 1, SCV  
  100  11:23  Terran Vehicle And Ship Armor Level 1  
  101  11:35  Supply Depot  
  101  11:36  Supply Depot x2  
  101  11:37  Supply Depot  
  101  11:38  Supply Depot  
  101  11:47  Concussive Shells  
  101  11:48  Drilling Claws  
  101  11:57  Widow Mine x2, SCV x3, Marine x5, Medivac x2  
  101  11:58  Barracks, Marine, Siege Tank  
  121  12:02  Marauder  
  123  12:09  SCV  
  123  12:15  Marine  
  125  12:18  Missile Turret  
  125  12:21  Missile Turret  
  125  12:24  Marauder  
  125  12:27  Medivac x2  
  131  12:30  Widow Mine, Siege Tank  
  131  12:31  Widow Mine  
  131  12:32  SCV x3  
  141  12:39  Missile Turret  
  141  12:56  Supply Depot  
  141  12:57  Supply Depot x2  
  141  12:58  Supply Depot x2  
  141  13:15  SCV x2  
  139  13:21  Supply Depot  
  139  13:23  Supply Depot  
Show
View Real Time Build Order
Export as new Build Order

MKz Zerg 

Build Orders: Hatch First 

Get SALT Encoding   

  12  0:00  Drone  
  13  0:13  Overlord  
  13  0:16  Drone  
  14  0:31  Drone  
  14  0:32  Drone  
  16  0:50  Hatchery  
  16  0:54  Drone  
  16  0:57  Drone  
  16  1:00  Drone  
  18  1:11  Extractor  
  17  1:16  Spawning Pool  
  17  1:18  Drone  
  17  1:21  Drone  
  18  1:29  Drone  
  19  1:40  Drone  
  20  1:50  Overlord  
  20  2:02  Queen  
  20  2:03  Queen  
  20  2:04  Zergling x4  
  26  2:12  Drone  
  26  2:13  Drone  
  28  2:20  Metabolic Boost  
  28  2:23  Drone x2  
  30  2:34  Drone  
  30  2:35  Overlord  
  31  2:38  Queen  
  31  2:44  Queen  
  33  2:45  Drone  
  33  2:51  Overlord  
  36  2:55  Drone  
  36  2:56  Drone  
  38  3:06  Drone x2  
  40  3:15  Baneling Nest  
  40  3:16  Drone  
  40  3:17  Drone x2  
  42  3:20  Drone  
  43  3:29  Zergling x4  
  45  3:36  Spine Crawler  
  45  3:38  Zergling x2  
  45  3:45  Zergling x2  
  46  3:50  Overlord  
  46  3:52  Zergling x12  
  52  3:59  Baneling x5  
  51  4:05  Extractor, Roach Warren  
  51  4:07  Drone  
  50  4:11  Drone x3  
  53  4:19  Baneling x2  
  53  4:20  Zergling x8  
  47  4:49  Roach x5  
  47  4:52  Queen  
  59  4:58  Overlord x4  
  59  5:12  Queen  
  58  5:20  Roach x4  
  58  5:21  Roach x3  
  70  5:33  Extractor, Zergling x10  
  74  5:44  Roach x3  
  74  5:45  Roach  
  82  5:51  Hatchery  
  81  5:59  Roach x2  
  80  6:14  Roach  
  80  6:15  Roach x4  
  80  6:18  Queen  
  92  6:20  Overlord  
  92  6:26  Overlord  
  92  6:29  Lair  
  92  6:40  Drone x4  
  92  7:07  Lair  
  84  7:12  Overlord  
  84  7:13  Roach x5  
  94  7:18  Extractor  
  94  7:22  Evolution Chamber  
  92  7:23  Evolution Chamber  
  92  7:26  Overseer x2  
  92  7:29  Ravager x3  
  94  7:31  Zergling x2  
  95  7:42  Drone x4  
  99  7:44  Drone x2  
  99  7:45  Drone  
  99  7:51  Glial Reconstitution  
  102  8:02  Zerg Missile Weapons Level 1  
  95  8:14  Zerg Ground Armor Level 1  
  83  8:22  Roach x6  
  83  8:23  Roach  
  97  8:31  Ravager  
  98  8:41  Roach x5  
  106  8:53  Roach  
  106  8:54  Roach x4  
  104  9:04  Roach x3  
  106  9:11  Overseer  
  106  9:18  Overlord x4  
  106  9:23  Overlord  
  106  9:24  Overlord  
  96  9:39  Ravager x5  
  99  9:50  Roach x5  
  95  9:57  Roach x3  
  92  10:10  Roach  
  92  10:11  Roach x5  
  104  10:17  Overseer  
  104  10:19  Overseer  
  104  10:25  Roach  
  104  10:26  Roach  
  108  10:31  Zergling x8  
  103  10:41  Roach x5  
  103  10:42  Roach  
  86  10:50  Roach x4  
  88  11:01  Drone x4  
  92  11:09  Drone x2  
  94  11:13  Drone  
  94  11:14  Queen  
  94  11:18  Zerg Missile Weapons Level 2  
  97  11:26  Zerg Ground Armor Level 2  
  97  11:29  Ravager  
  98  11:35  Ravager  
  98  11:38  Extractor  
  98  11:39  Extractor  
  97  11:43  Ravager  
  97  11:45  Drone  
  97  11:46  Drone x2  
  97  11:47  Drone x4  
  103  11:48  Drone x3  
  103  11:49  Drone  
  109  12:14  Hatchery, Ravager x4  
  109  12:15  Ravager  
  113  12:21  Baneling x3  
  113  12:32  Ravager  
  113  12:33  Ravager x2  
  116  12:42  Ravager  
  116  12:43  Ravager  
  118  12:53  Evolution Chamber  
  117  13:11  Overlord  
  115  13:14  Infestation Pit  
Show
View Real Time Build Order
Export as new Build Order

OnLyKinG Zerg 

Build Orders: Pool First 

Get SALT Encoding   

  12  0:05  Drone  
  13  0:13  Overlord  
  13  0:31  Drone  
  13  0:32  Drone  
  15  0:38  Drone  
  16  0:43  Spawning Pool  
  16  0:46  Extractor  
  16  0:49  Drone  
  15  0:54  Drone  
  16  1:18  Hatchery  
  16  1:23  Drone  
  16  1:26  Drone  
  17  1:34  Drone  
  17  1:38  Drone  
  19  1:48  Zergling x2  
  20  2:01  Zergling x2  
  21  2:03  Metabolic Boost  
  21  2:11  Overlord  
  21  2:28  Queen  
  23  2:32  Queen  
  23  2:33  Drone x2  
  23  2:34  Drone  
  28  2:45  Drone  
  28  2:46  Roach Warren  
  28  2:50  Drone  
  29  2:58  Drone  
  30  3:30  Lair  
  30  3:31  Roach x2  
  30  3:32  Roach  
  30  3:33  Overlord  
  30  3:34  Overlord  
  36  3:57  Roach x4  
  36  3:58  Roach  
  46  4:11  Spine Crawler  
  45  4:21  Roach x3  
  51  4:43  Overlord x3  
  50  5:02  Roach  
  50  5:03  Roach x3  
  58  5:15  Roach  
  58  5:16  Roach  
  63  5:21  Drone x3  
  63  5:22  Drone, Extractor  
  63  5:26  Drone x2  
  67  5:31  Extractor  
  66  6:14  Tunneling Claws  
  66  6:26  Overlord  
  66  6:27  Overlord x2  
  66  6:28  Overlord  
  66  6:30  Overseer  
  66  6:33  Drone  
  66  6:34  Drone x8  
  75  6:43  Extractor  
  73  7:19  Pneumatized Carapace  
  73  7:30  Roach  
  73  7:31  Roach x10  
  73  7:36  Hatchery, Ravager  
  95  7:43  Evolution Chamber  
  94  7:44  Drone  
  94  7:45  Evolution Chamber  
  94  7:46  Drone  
  94  7:51  Drone x4  
  96  7:57  Ravager x3  
  96  7:58  Ravager  
  103  8:38  Zerg Missile Weapons Level 1, Zerg Ground Armor Level 1  
  97  9:09  Ravager x3  
  101  9:10  Ravager  
  101  9:18  Roach x6  
  101  9:21  Overlord x3  
  101  9:22  Overlord  
  100  10:17  Ravager  
  100  10:18  Ravager x4  
  100  10:19  Ravager  
  106  10:22  Roach x3  
  48  11:05  Drone x3  
  51  11:15  Queen  
  51  11:17  Zerg Missile Weapons Level 2  
  51  11:18  Zerg Ground Armor Level 2  
  53  11:26  Drone, Hydralisk Den  
  53  11:27  Drone x2  
  53  11:32  Drone x2  
  57  11:43  Drone x3  
  60  11:47  Extractor  
  60  11:50  Extractor  
  57  12:02  Zergling x16  
  57  12:03  Zergling x12  
  67  12:18  Drone x2  
  67  12:20  Queen  
  71  12:28  Drone  
  72  12:33  Spine Crawler  
  71  12:38  Spine Crawler  
  70  12:45  Drone  
  68  13:08  Zergling x2  
  68  13:09  Zergling x14  
Tags
 
Add a new tag
Caveats
  • Supply blocks, unpowered buildings, or Contaminate may cause inaccurate times.
  • Supply counts are checked every 10 seconds.